 Dungeon Crawl Stone Soup version 0.27.1-3-gb3d3a73c9e (webtiles) character file.

Game seed: 6619569762243578334

203 Trumpetguy the Chiller (level 5, -3/39 (41) HPs)
             Began as a Draconian Ice Elementalist on Oct 6, 2021.
             Was an Initiate of Sif Muna.
             Slain by a wight (8 damage)
             ... on level 4 of the Dungeon.
             The game lasted 00:31:49 (4655 turns).

Trumpetguy the Chiller (Draconian Ice Elementalist) Turns: 4655, Time: 00:31:52

HP:   -3/39 (41)    AC: 12    Str: 11    XL:     5   Next: 51%
MP:   4/9           EV: 12    Int: 16    God:    Sif Muna [......]
Gold: 251           SH:  0    Dex: 11    Spells: 2/9 levels left

rFire    x . .     SeeInvis .   g - +2 dagger (holy)
rCold    + . .     Faith    .   (no shield)
rNeg     . . .     Spirit   .   (armour unavailable)
rPois    .         Reflect  .   (helmet restricted)
rElec    .         Harm     .   (no cloak)
rCorr    .         Rampage  .   (no gloves)
Will     .....                  (no boots)
Stlth    ++........             (no amulet)
HPRegen  0.13/turn              c - ring of ice
MPRegen  0.11/turn              n - ring of wizardry

@: lethally poisoned (-3 -> -10), ice-armoured, lightly drained
A: AC +5, unfitting armour, cold-blooded
a: Renounce Religion


You were on level 4 of the Dungeon.
You worshipped Sif Muna.
Sif Muna was noncommittal.
You visited 2 branches of the dungeon, and saw 5 of its levels.

You collected 251 gold pieces.

Inventory:

Hand Weapons
 g - a +2 dagger of holy wrath (weapon)
 h - a +0 short sword of distortion
Jewellery
 c - a ring of ice (left hand)
 i - a ring of protection from cold
 n - a ring of wizardry (right hand)
Scrolls
 d - a scroll of summoning {unknown}
 f - a scroll of teleportation {unknown}
 j - 2 scrolls of identify
Potions
 a - a potion of resistance {unknown}
 b - a potion of lignification {unknown}
 e - a potion of attraction {unknown}
 k - a potion of berserk rage {unknown}
 l - a potion of flight
 m - a potion of might {unknown}


   Skills:
 * Level 2.2 Fighting
 - Level 1.7 Dodging
 * Level 2.7 Stealth
 + Level 2.7 Spellcasting
 + Level 5.5 Ice Magic


You had 2 spell levels left.
You knew the following spells:

 Your Spells              Type           Power      Damage    Failure   Level
a - Freeze                Ice            100%       1d11      1%          1
b - Frozen Ramparts       Ice            60%        1d8       2%          3
c - Ozocubu's Armour      Ice            30%        N/A       2%          3

Your spell library contained the following spells:

 Spells                   Type           Power      Damage    Failure   Level
 Summon Small Mammal      Summ           8%         N/A       8%          1
 Call Canine Familiar     Summ           2%         N/A       22%         3
 Portal Projectile        Hex/Tloc       4%         N/A       22%         3
 Summon Guardian Golem    Hex/Summ       2%         N/A       22%         3
 Hailstorm                Conj/Ice       16%        3d6       24%         4
 Metabolic Englaciation   Hex/Ice        8%         N/A       52%         5
 Leda's Liquefaction      Hex/Erth       1%         N/A       56%         4
 Simulacrum               Ice/Necr       8%         N/A       97%         6


Dungeon Overview and Level Annotations

Branches:
Dungeon (4/15)             Temple (1/1) D:4

Altars:
Cheibriados
Dithmenos
Fedhas
Gozag
Hepliaklqana
Kikubaaqudgha
Nemelex Xobeh
Qazlal
Ru
Sif Muna
Trog
Uskayaw
Wu Jian
Yredelemnul
Zin
The Shining One

Annotations:
D:4 Grinder


Innate Abilities, Weirdness & Mutations

Your plain brown scales are hard. (AC +5)
You cannot fit into any form of body armour.
You are cold-blooded and may be slowed by cold attacks.


Message History

The wight barely misses you.
You hit the wight.
The wight convulses.
The wight is heavily damaged.
You feel very sick.
The wight hits you with a +3 trident of venom.
You feel drained.
You hit the wight.
The wight convulses.
The wight is severely damaged.
You feel sick. The wight misses you.
You hit the wight but do no damage.
Your tail-slap misses the wight.
The wight is severely damaged.
You feel sick. The wight hits you but does no damage.
You are more poisoned.
You closely miss the wight.
The wight is severely damaged.
You feel very sick. The wight hits you but does no damage.
You are lethally poisoned!
You hit the wight.
The wight convulses.
You tail-slap the wight, but do no damage.
The wight is almost destroyed.
* * * LOW HITPOINT WARNING * * *
You feel very sick. The wight misses you.
You barely miss the wight.
The wight is almost destroyed.
* * * LOW HITPOINT WARNING * * *
You feel very sick. The wight closely misses you.
You hit the wight but do no damage.
The wight is almost destroyed.
* * * LOW HITPOINT WARNING * * *
You feel sick. The wight barely misses you.
You hit the wight but do no damage.
You tail-slap the wight, but do no damage.
The wight is almost destroyed.
* * * LOW HITPOINT WARNING * * *
You feel sick.
The wight hits you with a +3 trident of venom!
You die...

#.# #......#
#.
#####z.....#
#.
.........(.#
#..$..##.####
#.....##....#
#.....#.# #.#
#z......# #.#
#.###.#
#.z@..#
####..##
#....<#
#######


You could see a wight.

Vanquished Creatures
  A necrophage (D:4)
  A hound (D:3)
  Robin (D:2)
  An adder (D:3)
  3 worms (D:2)
  3 orcs (D:3)
  4 bats
  7 endoplasms
  4 giant cockroaches
  12 goblins
  3 hobgoblins (D:2)
  A quokka (D:1)
  6 ball pythons
  3 frilled lizards
  5 kobolds
  2 rats (D:1)
57 creatures vanquished.

Vanquished Creatures (others)
  30 plants (D:2)
30 creatures vanquished.

Grand Total: 87 creatures vanquished

Notes
Turn   | Place    | Note
-------+----------+-------------------------------------------
     0 | D:1      | Trumpetguy the Draconian Ice Elementalist began the quest
                  | for the Orb.
     0 | D:1      | Reached XP level 1. HP: 14/14 MP: 3/3
   264 | D:1      | Reached XP level 2. HP: 19/22 MP: 1/5
   440 | D:1      | Found a faded altar of an unknown god.
  1207 | D:2      | Noticed Robin
  1211 | D:2      | Reached skill level 1 in Fighting
  1245 | D:2      | Killed Robin
  1246 | D:2      | Reached XP level 3. HP: 28/28 MP: 0/6
  1671 | D:2      | Learned a level 3 spell: Frozen Ramparts
  2356 | D:3      | Reached skill level 5 in Ice Magic
  2555 | D:3      | Reached XP level 4. HP: 33/36 MP: 1/7
  3416 | D:4      | Noticed a necrophage
  3431 | D:4      | Killed a necrophage
  3432 | D:4      | Reached XP level 5. HP: 29/41 MP: 7/9
  3617 | D:4      | Noticed Grinder
  3653 | D:4      | Paralysed by Grinder for 2 turns
  3754 | D:4      | Found a staircase to the Ecumenical Temple.
  3816 | Temple   | Entered the Ecumenical Temple
  4052 | Temple   | Became a worshipper of Ru the Awakened
  4053 | Temple   | Fell from the grace of Ru
  4181 | Temple   | Became a worshipper of Sif Muna the Loreminder
  4242 | D:4      | HP: 1/40 [wight (2)]
  4545 | D:3      | Learned a level 3 spell: Ozocubu's Armour
  4655 | D:4      | Slain by a wight

Illustrated notes

Levels and vault maps discovered:
D:1:      arrival_zaba_pyramid, layout_loops_ring,
          shapermc_ecumenical_altar_acropolis, chequers_serial_rivers_micro_e
D:2:      wad_woods_pond, layout_basic, minmay_misc_feat_columns, uniq_robin
D:3:      layout_loops_ring, minmay_fountain_box, dk_noncrumbling_2
D:4:      layout_basic, temple_doors_e, minmay_large_rounded_square,
          uniq_grinder
Temple:   eino_temple_scatter_basement

Skill      XL: |  1  2  3  4 |
---------------+-------------+-----
Stealth        | 2 |  2.7
Fighting       | 1 2 |  2.2
Ice Magic      | 5 |  5.5
Dodging        | |  1.7
Spellcasting   | |  2.7

Action                   |  1- 3 |  4- 6 || total
-------------------------+-------+-------++-------
Melee: Dagger            |    37 |    23 ||    60
       Tailslap          |     2 |     4 ||     6
 Cast: Freeze            |    59 |    13 ||    72
       Frozen Ramparts   |     1 |     2 ||     3
       Ozocubu's Armour  |       |     2 ||     2
Invok: Renounce Religion |       |     1 ||     1
  Use: Potion            |     2 |     1 ||     3
       Scroll            |       |     1 ||     1
Armor: Skin              |    20 |     4 ||    24
Dodge: Dodged            |    43 |    25 ||    68
